 Dungeon Crawl Stone Soup version 0.30.0-5-g1a98f26d00 (webtiles) character file.

Game seed: 11841454531018271758

4 hawla the Firebug (level 2, -1/20 HPs)
             Began as a Meteoran Fire Elementalist on May 10, 2023.
             Succumbed to a water moccasin's poison
             ... on level 4 of the Dungeon.
             The game lasted 00:01:31 (136 turns).

hawla the Firebug (Meteoran Fire Elementalist)       Turns: 136, Time: 00:01:31

Health: -1/20      AC:  2    Str: 15    XL:     2   Next: 0%
Magic:  0/6        EV: 12    Int: 16    God:
Gold:   4          SH:  0    Dex: 14    Spells: 3/6 levels left

rFire   . . .        (no weapon)
rCold   . . .        (no shield)
rNeg    . . .        a - +0 robe
rPois   .            (no helmet)
rElec   .            (no cloak)
rCorr   .            (no gloves)
SInv    .            (no boots)
Will    .....        (no amulet)
Stlth   +            d - +6 ring of strength
HPRegen 0.23/turn    (no ring)
MPRegen 0.10/turn

%: no passive effects
@: brilliant, lethally poisoned (-1 -> -24), glowing
A: sense surroundings 1, otherworldly, glowing, explore regen
a: no special abilities


You were on level 4 of the Dungeon.
You visited 1 branch of the dungeon, and saw 4 of its levels.

You collected 4 gold pieces.

Inventory:

Armour
 a - a +0 robe (worn)
Jewellery
 d - a +6 ring of strength (left hand)
Potions
 b - a potion of magic


   Skills:
 + Level 2.4 Dodging
 - Level 1.4 Stealth
 + Level 2.8 Spellcasting
 + Level 1.5 Conjurations
 + Level 3.8 Fire Magic


You had 3 spell levels left.
You knew the following spells:

 Your Spells              Type           Power      Damage    Failure   Level
a - Foxfire               Conj/Fire      64%        2x1d7     6%          1
b - Scorch                Fire           42%        2d6       6%          2

Your spell library contained the following spells:

 Spells                   Type           Power      Damage    Failure   Level
 Beastly Appendage        Tmut           6%         N/A       19%         1
 Inner Flame              Hex/Fire       12%        N/A       26%         3
 Volatile Blastmotes      Fire/Tloc      24%        2d12      26%         3
 Wereblood                Tmut           3%         N/A       28%         2
 Ozocubu's Armour         Ice            3%         N/A       50%         3
 Portal Projectile        Hex/Tloc       6%         N/A       50%         3
 Spider Form              Tmut/Pois      3%         N/A       50%         3
 Tukima's Dance           Hex            3%         N/A       50%         3
 Flame Wave               Conj/Fire      16%        2d7       54%         4
 Blade Hands              Tmut           1%         N/A       99%         5
 Ozocubu's Refrigeration  Ice            1%         4d7       100%        7


Dungeon Overview and Level Annotations

Branches:
Dungeon (4/15) Zot: 2265
 Temple: D:4-7

Altars:


Innate Abilities, Weirdness & Mutations

You passively map a small area around you.
You are easily found by Zot.
You glow in the dark.
You regain HP and MP as you explore.


Message History

Casting: Foxfire (safe; 6% risk of failure)
Confirm with . or Enter, or press ? or * to list all spells.
You conjure some foxfire!
Casting: Foxfire (safe; 6% risk of failure)
Confirm with . or Enter, or press ? or * to list all spells.
Flames lash the water moccasin.
The water moccasin is moderately wounded.
The water moccasin's fire resistance burns away.
The foxfire hits the water moccasin.
The water moccasin is burned terribly!
The water moccasin is moderately wounded.
The foxfire hits the water moccasin.
The water moccasin is burned terribly!
The water moccasin is heavily wounded.
The water moccasin bites you!
You are poisoned.
The water moccasin poisons you!
Casting: Scorch (safe; 6% risk of failure)
Confirm with . or Enter, or press ? or * to list all spells.
You conjure some foxfire!
You feel very sick. The water moccasin barely misses you.
A goblin comes into view. It is wielding a +0 dagger.
Casting: Foxfire (safe; 6% risk of failure)
Confirm with . or Enter, or press ? or * to list all spells.
You don't have enough magic to cast this spell.
Casting: Foxfire (safe; 6% risk of failure)
Confirm with . or Enter, or press ? or * to list all spells.
You conjure some foxfire!
The goblin shouts!
You feel sick.
The foxfire hits the water moccasin.
The water moccasin is burned terribly!
The water moccasin is severely wounded.
The foxfire hits the water moccasin.
The water moccasin is burned terribly!
The water moccasin is almost dead.
The water moccasin bites you.
* * * LOW HITPOINT WARNING * * *
You are more poisoned.
The water moccasin poisons you!
It was a potion of brilliance.
You feel clever all of a sudden.
You die...

###, .. , .... *
.g# * #...#*
#..# , , .....
#.... , * .....#
*#...... *
......###....#..
*
.......$v...#...
, #S@v..#.... *
, , *#...<....#
* ,* #....).###
##.....## , ,
#.....## ,
,,**##.....#
#......# *
..##.....## *
#........#


You could see a water moccasin (combustible, ally target) and a goblin.

Vanquished Creatures
  An endoplasm (D:2)
  A hobgoblin (D:4)
  A quokka (D:2)
  A rat (D:2)
4 creatures vanquished.

Vanquished Creatures (others)
  17 foxfires
17 creatures vanquished.

Grand Total: 21 creatures vanquished

Notes
Turn   | Place    | Note
-------+----------+-------------------------------------------
     0 | D:1      | hawla the Meteoran Fire Elementalist began the quest for
                  | the Orb.
     0 | D:1      | Reached XP level 1. HP: 14/14 MP: 5/5
   125 | D:4      | Reached XP level 2. HP: 20/20 MP: 4/6
   128 | D:4      | Learned a level 2 spell: Scorch
   131 | D:4      | Noticed a water moccasin
   136 | D:4      | Succumbed to a water moccasin's poison

Illustrated notes

Levels and vault maps discovered:
D:1:      minmay_arrival_checkered_box, layout_basic,
          shapermc_ecumenical_altar_mp_vishouse, serial_shops, shop,
          minmay_misc_feat_tiny, chequers_serial_rivers_small_a
D:2:      layout_rooms, basic_altar
D:3:      minmay_skewed_foursquare, layout_basic
D:4:      layout_layer_cave, chequers_temple_overflow_statue_of_worship,
          st_stairs_5, minmay_goblin_outpost

Action                     || total
---------------------------++-------
   Cast: Foxfire           ||    10
         Scorch            ||     1
    Use: Scroll            ||     1
         Potion            ||     1
  Dodge: Dodged            ||     1
